 Dungeon Crawl Stone Soup version 0.26.1-11-gd32895ea62 (webtiles) character file.

Game seed: 17097223840726567677

263 Skogalur the Ducker (level 5, -3/53 HPs)
             Began as a Troll Berserker on July 18, 2021.
             Was a Priest of Trog.
             Killed by divine providence
             ... invoked by an orc priest
              (9 damage)
             ... on level 4 of the Dungeon.
             The game lasted 00:45:23 (3672 turns).

Skogalur the Ducker (Troll Berserker)               Turns: 3672, Time: 00:45:24

Health: -3/53      AC:  7    Str: 26    XL:     5   Next: 98%
Magic:  0/4        EV: 11    Int:  3    God:    Trog [***...]
Gold:   203        SH:  0    Dex:  9    Spells: 4/4 levels left

rFire    . . .     SeeInvis +   d - +0 spear {Pillar of Trog}
rCold    . . .     Faith    .   (no shield)
rNeg     . . .     Spirit   +   K - +0 robe
rPois    .         Reflect  .   (helmet restricted)
rElec    .         Harm     .   Z - +0 cloak
rCorr    .         Rampage  .   (gloves unavailable)
Will     .....                  (boots unavailable)
Stlth    +.........             V - amulet of guardian spirit
HPRegen  0.57/turn              P - ring of see invisible
MPRegen  0.09/turn              (no ring)

@: lethally poisoned (-3 -> -4)
A: large, unfitting armour, claws 3, regeneration 1, shaggy fur 1, tough skin 3
a: Renounce Religion, Berserk, Trog's Hand


You were on level 4 of the Dungeon.
You worshipped Trog.
Trog was most pleased with you.
You visited 1 branch of the dungeon, and saw 4 of its levels.

You collected 203 gold pieces.

Inventory:

Hand Weapons
 d - a +0 spear (weapon) {Pillar of Trog}
 l - a +0 dagger
 t - a +0 falchion
 u - a +0 flail
 w - a +0 hand axe
 A - a +0 short sword
 B - a +0 whip
 C - a +0 spear
 E - a +0 dagger
 F - a +0 mace
 G - a +0 short sword
 I - a +0 hunting sling
 M - a +0 dagger
 O - a +0 hand axe
 Q - a +0 dagger
 R - a +0 whip
 S - a +0 morningstar
 W - a +0 mace
 X - a +0 flail
 Y - a +0 flail
Missiles
 e - 56 stones (quivered)
 m - 21 sling bullets
 o - 62 arrows
 y - 26 bolts
 J - 16 poisoned darts
Armour
 a - a +0 animal skin
 c - a +0 ring mail
 i - a +0 ring mail
 n - a +0 leather armour
 p - a +0 ring mail
 v - a +0 leather armour
 x - a +0 robe
 K - a +0 robe (worn)
 Z - a +0 cloak (worn)
Jewellery
 P - a ring of see invisible (left claw)
 V - an amulet of guardian spirit (around neck)
Wands
 L - a wand of disintegration (9)
Scrolls
 b - 5 scrolls of remove curse {unknown}
 f - a scroll of fear {unknown}
 h - 2 scrolls of fog {unknown}
 j - a scroll of blinking {unknown}
 k - a scroll of identify {unknown}
 q - 2 scrolls of enchant weapon {unknown}
 r - 3 scrolls of magic mapping {unknown}
 z - a scroll of amnesia {unknown}
 U - a scroll of teleportation {unknown}
Potions
 g - a potion of flight {unknown}
 s - a potion of brilliance {unknown}
 D - 2 potions of haste {unknown}
 H - 2 potions of heal wounds {unknown}
 N - a potion of curing {unknown}
 T - a potion of attraction {unknown}


   Skills:
 + Level 3.2 Fighting
 + Level 3.1 Polearms
 + Level 3.8 Dodging
 - Level 3.1 Unarmed Combat


You had 4 spell levels left.
You didn't know any spells.
Your spell library contained the following spells:

 Spells                   Type           Power        Failure   Level
 Corona                   Hex            0%           52%         1
 Ensorcelled Hibernation  Hex/Ice        0%           67%         2
 Confusing Touch          Hex            0%           88%         3
 Dazzling Flash           Conj/Hex       0%           88%         3
 Tukima's Dance           Hex            0%           88%         3


Dungeon Overview and Level Annotations

Branches:
Dungeon (4/15)
 Temple: D:4-7

Altars:

Annotations:
D:4 Natasha


Innate Abilities, Weirdness & Mutations

You are too large for most types of armour.
You have claws for hands.
Your natural rate of healing is unusually fast.
You are covered in fur. (AC +1)
You have extremely tough skin. (AC +3)


Message History

The worker ant bites you but does no damage.
Found a runed scale mail.
You feel sick.
You feel sick. The worker ant bites you.
* * * LOW HITPOINT WARNING * * *
The worker ant closely misses you.
You feel sick. The worker ant bites you.
* * * LOW HITPOINT WARNING * * *
The worker ant barely misses you.
You feel sick.
You recover from your berserk rage.
You feel sick.
Natasha, Servant of Life and Death comes into view.
The worker ant barely misses you.
Items here: ) [[[ †.
Natasha extends her claws.
The orc priest mumbles some strange prayers to Beogh against you.
Beogh smites you!
You die...

..................
#.......[..#
##.##.#####.#
##...#.#####.#
#.....Z......#
#.###.Z####### #.
#oB)....#
##.###†[†.##.#
.......@†....#
#..#......#.#..# #
#.#.....## #
......h.##
...#####)#. ...
..... .. #.###. .#
#.


You could see a worker ant, an orc priest, Natasha, a quokka skeleton and a
howler monkey skeleton.

Vanquished Creatures
  An orc priest (D:4)
  A worker ant (D:4)
  3 gnolls (D:2)
  6 adders
  3 oozes
  An adder skeleton (D:4)
  2 worms
  2 dart slugs
  4 leopard geckos
  15 orcs
  2 ball pythons
  7 bats
  5 giant cockroaches
  3 goblins
  8 hobgoblins
  5 jackals
  9 kobolds
  2 quokkas
  2 frilled lizards
  6 rats
87 creatures vanquished.

Notes
Turn   | Place    | Note
-------+----------+-------------------------------------------
     0 | D:1      | Skogalur the Troll Berserker began the quest for the Orb.
     0 | D:1      | Reached XP level 1. HP: 22/22 MP: 0/0
   359 | D:1      | Reached XP level 2. HP: 23/29 MP: 1/1
  1209 | D:2      | Reached XP level 3. HP: 23/36 MP: 2/2
  1245 | D:2      | Reached skill level 1 in Polearms
  1516 | D:2      | Reached ** piety under Trog
  1517 | D:2      | Reached XP level 4. HP: 32/44 MP: 3/3
  2467 | D:3      | Reached XP level 5. HP: 41/53 MP: 4/4
  3628 | D:4      | Reached *** piety under Trog
  3670 | D:4      | Noticed Natasha
  3672 | D:4      | Killed from afar by an orc priest

Illustrated notes

Levels and vault maps discovered:
D:1:      psy_arrival_dodecagon, layout_loops_ring
D:2:      layout_rooms
D:3:      layout_basic
D:4:      layout_loops_ring, serial_shops, shop, minmay_bisected, uniq_menkaure,
          uniq_natasha

Skill      XL: |  1  2  3  4  5 |
---------------+----------------+-----
Dodging        | 3 |  3.8
Polearms       | 1 2 3 |  3.1
Fighting       | 3 |  3.2
Unarmed Combat | |  3.1

Action                   |  1- 3 |  4- 6 || total
-------------------------+-------+-------++-------
Melee: Spear             |   117 |   203 ||   320
       Punch             |     2 |     3 ||     5
Throw: Stone             |       |     4 ||     4
Invok: Berserk           |     4 |     5 ||     9
Armor: Animal skin       |    69 |    14 ||    83
       Robe              |       |    47 ||    47
Dodge: Dodged            |    95 |   150 ||   245
